AoeStats
← God's whip Attila

Arena

510094007Analyzed
3v3 RM · 2d ago on Sep 29, 2026· 44m 53s· 6 players
Game mode
Random Map
Map size
Normal (6 player)
Population
200
Speed
Normal
Resources
Standard
Victory
Conquest
Starting age
Dark Age
Ending age
Imperial Age
RankedLock teamsTeams togetherTeam positionsShared explorationLock speedFull tech treeHidden civsTurbo modeCheats
Victory
Defeat
🇦🇷 Khmer · Argentina
918
+13
🇯🇵 Magyars · Japan
912
+15
🇺🇸 Goths · United States
896
+14
🇩🇪 Celts · Germany
1000
-59
🇩🇪 Teutons · Germany
833
-13
🇩🇪 Saxons · Germany
749
-28
Welches So Wavy
0:32 Loom
14:13 Feudal Age
18:56 Castle Age
17:06 Double-Bit Axe
17:05 Horse Collar
23:35 Wheelbarrow
24:10 Anarchy
25:05 Wheelbarrow
25:04 Heavy Plow
29:29 Squires
29:18 Pikeman
31:19 Bow Saw
33:05 Scale Mail Armor
34:29 Forging
34:35 Chain Mail Armor
35:40 Man-at-Arms
39:50 Imperial Age
45:26 Perfusion
45:47 Conscription
God's whip Attila
7:35 Loom
10:42 Feudal Age
12:07 Double-Bit Axe
20:09 Castle Age
18:51 Gold Mining
21:14 Bow Saw
23:48 Horse Collar
24:49 Stone Mining
33:21 Imperial Age
30:39 Town Watch
31:30 Scale Barding Armor
31:42 Bloodlines
32:07 Fletching
32:30 Husbandry
32:52 Heavy Plow
33:39 Wheelbarrow
33:12 Pikeman
33:56 Scale Mail Armor
35:34 Two-Man Saw
35:53 Chemistry
36:29 Bodkin Arrow
36:55 Murder Holes
38:53 Parthian Tactics
38:32 Padded Archer Armor
39:50 Bracer
41:35 Chain Mail Armor
43:12 Hoardings
44:28 Chain Barding Armor
Ratman
13:11 Feudal Age
14:06 Loom
14:11 Double-Bit Axe
16:42 Castle Age
14:31 Horse Collar
16:14 Town Watch
17:05 Wheelbarrow
19:26 Bow Saw
19:20 Heavy Plow
21:22 Loom
23:06 Gold Mining
23:14 Stone Mining
25:22 Hand Cart
28:18 Imperial Age
27:20 Town Patrol
28:45 Fletching
29:27 Conscription
30:09 Crop Rotation
30:19 Husbandry
30:30 Bloodlines
29:42 Elite Battle Elephant
31:26 Bodkin Arrow
31:37 Scale Barding Armor
31:43 Forging
32:38 Light Cavalry
34:59 Chemistry
34:20 Ballistics
34:06 Siege Engineers
35:43 Double Crossbow
37:19 Chain Barding Armor
37:35 Iron Casting
37:41 Bracer
37:58 Masonry
37:44 Murder Holes
37:39 Heavy Scorpion
iBlueWolff
11:05 Feudal Age
12:49 Horse Collar
12:57 Double-Bit Axe
22:11 Castle Age
21:34 Stone Mining
21:44 Gold Mining
25:29 Wheelbarrow
25:05 Heavy Plow
25:30 Bow Saw
27:02 Fletching
36:04 Imperial Age
35:25 Ballistics
34:59 Heated Shot
35:23 Squires
35:12 Arson
34:56 Pikeman
37:53 Chemistry
39:58 Elite Teutonic Knight
40:14 Halberdier
HarakiriSenpai212
14:21 Feudal Age
14:50 Horse Collar
15:06 Gold Mining
18:45 Wheelbarrow
22:11 Double-Bit Axe
27:15 Loom
27:20 Town Watch
28:51 Fletching
29:02 Padded Archer Armor
29:32 Forging
29:24 Scale Mail Armor
Sɐɯnǝl
12:51 Loom
17:12 Feudal Age
22:22 Wheelbarrow
21:49 Town Watch
23:34 Double-Bit Axe
24:21 Stone Mining
24:28 Gold Mining
30:07 Castle Age
29:48 Arson
29:24 Man-at-Arms
32:22 Hand Cart
33:01 Long Swordsman
33:34 Gambesons
33:11 Pikeman
34:50 Town Patrol
Connection lost

Rejoining the realm…

Still unreachable

The connection could not be restored.

Session expired

The server has moved on; the page needs a fresh start.